TOP OF THE 1ST |
West Virginia Power batting - Pitching for Peoria Chiefs : LHP Ed Gates
|
Pitching: LHP Ed Gates
|
|
Batting: RHB Perry Dominey
|
0-0: Swinging Strike 0-1: SINGLE (Groundball, 6M, EV 84.4 MPH) (infield hit)
|
Batting: LHB Josh Aerni
|
0-0: Ball 1-0: Fielders Choice at 2nd, 4-6 (Groundball, 4, EV 93.1 MPH)
|
Batting: RHB Mike Velazquez
|
0-0: Ball 1-0: Ball 2-0: Foul Ball, location: 2F 2-1: Foul Ball, location: 2F 2-2: Strikes out swinging
|
Batting: LHB Gregg Kellerman
|
0-0: Ball 1-0: Called Strike 1-1: Ball 2-1: Ball 3-1: Foul Ball, location: 2F 3-2: Foul Ball, location: 2F 3-2: Base on Balls Josh Aerni to second
|
Batting: LHB Carlos Vega
|
0-0: Ball 1-0: Called Strike 1-1: Swinging Strike 1-2: Ball 2-2: Ball 3-2: Strikes out looking
|
Top of the 1st over - 0 runs, 1 hit, 0 errors, 2 left on base; West Virginia 0 - Peoria 0 |
BOTTOM OF THE 1ST |
Peoria Chiefs batting - Pitching for West Virginia Power : RHP Tony Ortiz
|
Pitching: RHP Tony Ortiz
|
|
Batting: SHB Bobby O'Leary
|
0-0: Ball 1-0: Swinging Strike 1-1: Ball 2-1: Swinging Strike 2-2: Strikes out swinging
|
Batting: RHB Tyler Walker
|
0-0: Foul Ball, location: 2F 0-1: Called Strike 0-2: Strikes out looking
|
Batting: RHB Kalidas Mishra
|
0-0: Called Strike 0-1: Foul Ball, location: 2F 0-2: Ball 1-2: Ball 2-2: Strikes out swinging
|
Bottom of the 1st over - 0 runs, 0 hits, 0 errors, 0 left on base; West Virginia 0 - Peoria 0 |
TOP OF THE 2ND |
West Virginia Power batting - Pitching for Peoria Chiefs : LHP Ed Gates
|
Batting: LHB Tomohiro Yokoyama
|
0-0: Ground out 4-3 (Groundball, 4, EV 84.4 MPH)
|
Batting: RHB John DeVillier
|
0-0: Called Strike 0-1: Called Strike 0-2: Strikes out swinging
|
Batting: RHB Brian Moore
|
0-0: Called Strike 0-1: DOUBLE (Flyball, 8LXD, EV 98.1 MPH)
|
Batting: LHB Donald Imre
|
0-0: Called Strike 0-1: Swinging Strike 0-2: Ball 1-2: Foul Ball, location: 2F 1-2: Ball 2-2: Strikes out swinging
|
Top of the 2nd over - 0 runs, 1 hit, 0 errors, 1 left on base; West Virginia 0 - Peoria 0 |
BOTTOM OF THE 2ND |
Peoria Chiefs batting - Pitching for West Virginia Power : RHP Tony Ortiz
|
Batting: RHB Joe Alley
|
0-0: Ball 1-0: Foul Ball, location: 2F 1-1: Called Strike 1-2: TRIPLE (Line Drive, 78XD, EV 99.4 MPH)
|
Batting: RHB Fekadu Alhaadi
|
0-0: Fly out, F9 (Flyball, 9D, EV 99.4 MPH)
|
Batting: LHB Keith Rice
|
0-0: Ball 1-0: Fly out, F9 (Flyball, 89D, EV 95.0 MPH) Runner from 3rd tags up, SCORES, throw by RF
|
Batting: RHB Tommy Tracy
|
0-0: DOUBLE (Groundball, 5L, EV 107.5 MPH)
|
Batting: RHB Kyle Burns
|
0-0: Ball 1-0: Swinging Strike 1-1: Ball 2-1: Foul Ball, location: 2F 2-2: Strikes out looking
|
Bottom of the 2nd over - 1 run, 2 hits, 0 errors, 1 left on base; West Virginia 0 - Peoria 1 |
TOP OF THE 3RD |
West Virginia Power batting - Pitching for Peoria Chiefs : LHP Ed Gates
|
Batting: RHB Perry Dominey
|
0-0: Ball 1-0: Fly out, F4 (Popup, 4D, EV 72.5 MPH)
|
Batting: LHB Josh Aerni
|
0-0: Called Strike 0-1: Called Strike 0-2: Ball 1-2: Ball 2-2: Ball 3-2: SINGLE (Line Drive, 4MD, EV 101.2 MPH)
|
Batting: RHB Mike Velazquez
|
0-0: Ball 1-0: SINGLE (Groundball, 6M, EV 105.0 MPH) Josh Aerni to second
|
Batting: LHB Gregg Kellerman
|
0-0: Ball 1-0: Fielders Choice at 2nd, 4-6 (Groundball, 4, EV 84.4 MPH) Josh Aerni to third
|
Batting: LHB Carlos Vega
|
0-0: SINGLE (Line Drive, 56, EV 103.1 MPH) Josh Aerni scores Gregg Kellerman to second
|
Batting: LHB Tomohiro Yokoyama
|
0-0: Ball 1-0: SINGLE (Flyball, 56D, EV 96.2 MPH) Gregg Kellerman to third Carlos Vega to second Throwing error, E7 Gregg Kellerman scores Carlos Vega to third Tomohiro Yokoyama to second
|
Batting: RHB John DeVillier
|
0-0: Ball 1-0: Called Strike 1-1: Swinging Strike 1-2: Strikes out looking
|
Top of the 3rd over - 2 runs, 4 hits, 1 error, 2 left on base; West Virginia 2 - Peoria 1 |
BOTTOM OF THE 3RD |
Peoria Chiefs batting - Pitching for West Virginia Power : RHP Tony Ortiz
|
Batting: RHB Tim Cleary
|
0-0: Ball 1-0: Swinging Strike 1-1: Foul Ball, location: 2F 1-2: Ball 2-2: Strikes out looking
|
Batting: SHB Bobby O'Leary
|
0-0: DOUBLE (Groundball, 5L, EV 95.6 MPH)
|
Batting: RHB Tyler Walker
|
0-0: Ball 1-0: Called Strike Bobby O'Leary steals 3rd base (no throw) 1-1: Fly out, F7 (Flyball, 7LS, EV 72.5 MPH)
|
Batting: RHB Kalidas Mishra
|
0-0: Ball 1-0: Called Strike 1-1: Ball 2-1: Ball 3-1: Called Strike 3-2: Fly out, F9 (Flyball, 9LD, EV 93.8 MPH)
|
Bottom of the 3rd over - 0 runs, 1 hit, 0 errors, 1 left on base; West Virginia 2 - Peoria 1 |
TOP OF THE 4TH |
West Virginia Power batting - Pitching for Peoria Chiefs : LHP Ed Gates
|
Batting: RHB Brian Moore
|
0-0: Ball 1-0: Ball 2-0: Ground out 5-3 (Groundball, 5L, EV 81.2 MPH)
|
Batting: LHB Donald Imre
|
0-0: Ball 1-0: Called Strike 1-1: Ball 2-1: Swinging Strike 2-2: Strikes out swinging, 2-3 out at first.
|
Batting: RHB Perry Dominey
|
0-0: Ball 1-0: Foul Ball, location: 2F 1-1: Called Strike 1-2: Strikes out swinging
|
Top of the 4th over - 0 runs, 0 hits, 0 errors, 0 left on base; West Virginia 2 - Peoria 1 |
BOTTOM OF THE 4TH |
Peoria Chiefs batting - Pitching for West Virginia Power : RHP Tony Ortiz
|
Batting: RHB Joe Alley
|
0-0: Called Strike 0-1: Foul Ball, location: 2F 0-2: Ball 1-2: DOUBLE (Line Drive, 89D, EV 101.2 MPH)
|
Batting: RHB Fekadu Alhaadi
|
0-0: Called Strike 0-1: Fly out, F9 (Flyball, 9, EV 86.9 MPH)
|
Batting: LHB Keith Rice
|
0-0: Called Strike 0-1: Swinging Strike 0-2: Ball 1-2: Ball Wild Pitch! Joe Alley to third 2-2: DOUBLE (Line Drive, 7LS, EV 103.1 MPH) Joe Alley scores
|
Batting: RHB Tommy Tracy
|
0-0: Ball 1-0: Fly out, F9 (Flyball, 89D, EV 105.0 MPH)
|
Batting: RHB Kyle Burns
|
0-0: Ground out 4-3 (Groundball, 4, EV 80.6 MPH)
|
Bottom of the 4th over - 1 run, 2 hits, 0 errors, 1 left on base; West Virginia 2 - Peoria 2 |
TOP OF THE 5TH |
West Virginia Power batting - Pitching for Peoria Chiefs : LHP Ed Gates
|
Batting: LHB Josh Aerni
|
0-0: Called Strike 0-1: Foul Ball, location: 2F 0-2: Ball 1-2: Foul Ball, location: 2F 1-2: Hit by Pitch
|
Batting: RHB Mike Velazquez
|
0-0: Foul Ball, location: 2F 0-1: Called Strike 0-2: Strikes out looking
|
Batting: LHB Gregg Kellerman
|
0-0: SINGLE (Groundball, 4MD, EV 106.2 MPH) Josh Aerni to second
|
Batting: LHB Carlos Vega
|
0-0: Ball 1-0: Fielders Choice at 2nd, 3-6 (Groundball, 34, EV 87.5 MPH) Josh Aerni to third
|
Batting: LHB Tomohiro Yokoyama
|
0-0: Swinging Strike 0-1: Foul Ball, location: 2F 0-2: Foul Ball, location: 2F 0-2: Foul Ball, location: 2F 0-2: Strikes out swinging
|
Top of the 5th over - 0 runs, 1 hit, 0 errors, 2 left on base; West Virginia 2 - Peoria 2 |
BOTTOM OF THE 5TH |
Peoria Chiefs batting - Pitching for West Virginia Power : RHP Tony Ortiz
|
Batting: RHB Tim Cleary
|
0-0: Ball 1-0: DOUBLE (Line Drive, 78XD, EV 111.9 MPH)
|
Batting: SHB Bobby O'Leary
|
0-0: Ball 1-0: Ball 2-0: Ball Tim Cleary steals 3rd base (no throw) 3-0: Base on Balls
|
Batting: RHB Tyler Walker
|
0-0: Called Strike Bobby O'Leary steals 2nd base 0-1: Foul Ball, location: 2F 0-2: Ball 1-2: Fly out, F7 (Flyball, 7LM, EV 89.4 MPH) Runner from 3rd tags up, SCORES, no throw by LF
|
Batting: RHB Kalidas Mishra
|
0-0: Swinging Strike 0-1: Fly out, F7 (Flyball, 7LM, EV 86.2 MPH)
|
Batting: RHB Joe Alley
|
0-0: Called Strike 0-1: Swinging Strike 0-2: Foul Ball, location: 2F 0-2: Ball 1-2: Hit by Pitch
|
Batting: RHB Fekadu Alhaadi
|
0-0: Called Strike 0-1: Foul Ball, location: 2F 0-2: Ball Wild Pitch! Bobby O'Leary to third Joe Alley to second 1-2: Ground out 5-3 (Groundball, 5S, EV 83.8 MPH)
|
Bottom of the 5th over - 1 run, 1 hit, 0 errors, 2 left on base; West Virginia 2 - Peoria 3 |
TOP OF THE 6TH |
West Virginia Power batting - Pitching for Peoria Chiefs : LHP Ed Gates
|
Batting: RHB John DeVillier
|
0-0: Ball 1-0: Ball 2-0: Ball 3-0: Called Strike 3-1: Base on Balls
|
Batting: RHB Brian Moore
|
0-0: SINGLE (Groundball, 34D, EV 96.2 MPH) John DeVillier to second Runner from 2nd tries for 3rd, SAFE, throw by RF made to third
|
Pinch Hitting: RHB Tim Moore
|
0-0: Foul Ball, location: 2F 0-1: Foul Ball, location: 2F 0-2: Foul Ball, location: 2F 0-2: Strikes out looking
|
Pitching: LHP Kevin Turner
|
|
Batting: RHB Perry Dominey
|
0-0: Fielders Choice at 2nd, 3-6 (Groundball, 23, EV 79.4 MPH) John DeVillier scores
|
Batting: LHB Josh Aerni
|
0-0: Called Strike 0-1: Ball Perry Dominey steals 2nd base (no throw) 1-1: Swinging Strike 1-2: Strikes out swinging
|
Top of the 6th over - 1 run, 1 hit, 0 errors, 1 left on base; West Virginia 3 - Peoria 3 |
BOTTOM OF THE 6TH |
Peoria Chiefs batting - Pitching for West Virginia Power : RHP Tony Ortiz
|
Now at 2B: Randy Boone
|
|
Batting: LHB Keith Rice
|
0-0: Called Strike 0-1: Foul Ball, location: 2F 0-2: Foul Ball, location: 2F 0-2: SINGLE (Flyball, 78S, EV 95.0 MPH)
|
Batting: RHB Tommy Tracy
|
0-0: Foul Ball, location: 2F 0-1: Ball 1-1: Ball 2-1: Fly out, F9 (Flyball, 89M, EV 76.9 MPH)
|
Batting: RHB Kyle Burns
|
0-0: Ball 1-0: Ball 2-0: Swinging Strike 2-1: Ball 3-1: Grounds into double play, 4-6-3 (Groundball, 34, EV 109.4 MPH)
|
Bottom of the 6th over - 0 runs, 1 hit, 0 errors, 0 left on base; West Virginia 3 - Peoria 3 |
TOP OF THE 7TH |
West Virginia Power batting - Pitching for Peoria Chiefs : LHP Kevin Turner
|
Batting: RHB Mike Velazquez
|
0-0: Ball 1-0: Called Strike 1-1: Ball 2-1: Foul Ball, location: 2F 2-2: Ground out 5-3 (Groundball, 5L, EV 101.9 MPH)
|
Batting: LHB Gregg Kellerman
|
0-0: Called Strike 0-1: Ball 1-1: Ball 2-1: Reached on error, E8 (Flyball, 89D, EV 94.4 MPH)
|
Batting: LHB Carlos Vega
|
0-0: Ball 1-0: Called Strike 1-1: Foul Ball, location: 2F 1-2: Strikes out swinging
|
Pinch Hitting: RHB Jaime Dubicki
|
0-0: Swinging Strike 0-1: Ball 1-1: Called Strike 1-2: Fly out, F9 (Flyball, 9D, EV 90.6 MPH)
|
Top of the 7th over - 0 runs, 0 hits, 1 error, 1 left on base; West Virginia 3 - Peoria 3 |
BOTTOM OF THE 7TH |
Peoria Chiefs batting - Pitching for West Virginia Power : RHP Tony Ortiz
|
Now in RF: Roberto Guzman
|
|
Batting: RHB Tim Cleary
|
0-0: Foul Ball, location: 2F 0-1: Ball 1-1: Ball 2-1: Ball 3-1: SINGLE (Groundball, 15S, EV 66.2 MPH) (infield hit)
|
Pitching: RHP Franklin Amaro
|
|
Batting: SHB Bobby O'Leary
|
0-0: Bunted foul 0-1: Ball Tim Cleary steals 2nd base 1-1: Bunted foul 1-2: Ball 2-2: Reached on error, E2 (Groundball, 15S, EV 66.2 MPH) Tim Cleary scores
|
Batting: RHB Tyler Walker
|
0-0: Called Strike Bobby O'Leary steals 3rd base 0-1: Ball Wild Pitch! Bobby O'Leary scores 1-1: Foul Ball, location: 2F 1-2: SINGLE (Line Drive, 56, EV 100.0 MPH)
|
Batting: RHB Kalidas Mishra
|
0-0: Called Strike 0-1: Ball 1-1: Foul Ball, location: 2F 1-2: SINGLE (Flyball, 89S, EV 93.8 MPH) Tyler Walker to second Runner from 2nd tries for 3rd, SAFE, no throw by RF
|
Batting: RHB Joe Alley
|
0-0: Called Strike 0-1: Ball 1-1: Ball 2-1: Ball 3-1: Called Strike 3-2: Fly out, F9 (Flyball, 9, EV 83.8 MPH)
|
Batting: RHB Fekadu Alhaadi
|
0-0: Called Strike Kalidas Mishra steals 2nd base 0-1: Foul Ball, location: 2F 0-2: Ball 1-2: DOUBLE (Line Drive, 3D, EV 97.5 MPH) Tyler Walker scores Kalidas Mishra scores
|
Pitching: RHP Mike Rosen
|
|
Batting: LHB Keith Rice
|
0-0: Ball 1-0: Ball Fekadu Alhaadi steals 3rd base 2-0: Ball 3-0: Called Strike 3-1: Foul Ball, location: 2F 3-2: Reached on error, E3 (Groundball, 34, EV 80.6 MPH) Fekadu Alhaadi scores
|
Batting: RHB Tommy Tracy
|
0-0: Called Strike 0-1: Called Strike 0-2: Ball 1-2: SINGLE (Line Drive, 7S, EV 95.6 MPH) Keith Rice to third
|
Batting: RHB Kyle Burns
|
0-0: Called Strike Tommy Tracy steals 2nd base 0-1: Foul Ball, location: 2F 0-2: Strikes out swinging
|
Batting: RHB Tim Cleary
|
0-0: Called Strike 0-1: Ball 1-1: Fly out, F5 (Popup, 56S, EV 75.0 MPH)
|
Bottom of the 7th over - 5 runs, 5 hits, 2 errors, 2 left on base; West Virginia 3 - Peoria 8 |
TOP OF THE 8TH |
West Virginia Power batting - Pitching for Peoria Chiefs : LHP Kevin Turner
|
Batting: RHB John DeVillier
|
0-0: Called Strike 0-1: Foul Ball, location: 2F 0-2: Ball 1-2: Strikes out swinging
|
Batting: RHB Brian Moore
|
0-0: Ground out 5-3 (Groundball, 56S, EV 87.5 MPH)
|
Batting: LHB Randy Boone
|
0-0: Foul Ball, location: 2F 0-1: Ball 1-1: Called Strike 1-2: Ball 2-2: Ball 3-2: Strikes out looking
|
Top of the 8th over - 0 runs, 0 hits, 0 errors, 0 left on base; West Virginia 3 - Peoria 8 |
BOTTOM OF THE 8TH |
Peoria Chiefs batting - Pitching for West Virginia Power : RHP Mike Rosen
|
Batting: SHB Bobby O'Leary
|
0-0: SINGLE (Groundball, 6S, EV 70.0 MPH) (infield hit)
|
Batting: RHB Tyler Walker
|
0-0: Ball 1-0: Ball Bobby O'Leary steals 2nd base (no throw) 2-0: Foul Ball, location: 2F 2-1: Ground out 4-3 (Groundball, 4, EV 102.5 MPH) Bobby O'Leary to third
|
Batting: RHB Kalidas Mishra
|
0-0: Ground out U3 (Groundball, 34S, EV 83.8 MPH) Bobby O'Leary scores
|
Batting: RHB Joe Alley
|
0-0: Ball 1-0: Fly out, F3 (Line Drive, 3, EV 71.9 MPH)
|
Bottom of the 8th over - 1 run, 1 hit, 0 errors, 0 left on base; West Virginia 3 - Peoria 9 |
TOP OF THE 9TH |
West Virginia Power batting - Pitching for Peoria Chiefs : LHP Kevin Turner
|
Batting: RHB Perry Dominey
|
0-0: Ball 1-0: Fly out, F8 (Line Drive, 8LD, EV 91.2 MPH)
|
Batting: LHB Josh Aerni
|
0-0: Ball 1-0: Swinging Strike 1-1: Called Strike 1-2: Strikes out swinging
|
Batting: RHB Mike Velazquez
|
0-0: Swinging Strike 0-1: SOLO HOME RUN (Flyball, 7D, EV 95.0 MPH), Distance : 365 ft
|
Batting: LHB Gregg Kellerman
|
0-0: Ball 1-0: Ball 2-0: Ball 3-0: Called Strike 3-1: Foul Ball, location: 2F 3-2: Strikes out swinging
|
Top of the 9th over - 1 run, 1 hit, 0 errors, 0 left on base; West Virginia 4 - Peoria 9 |
|